 Dungeon Crawl Stone Soup version 0.24-a0-250-g6074511 (webtiles) character file.

Game seed: 60772505837461722

27 Borgoz the Cutter (level 3, -4/22 HPs)
             Began as a Kobold Gladiator on Apr 14, 2019.
             Slain by Sigmund
             ... wielding a +0 scythe
              (6 damage)
             ... on level 2 of the Dungeon.
             The game lasted 00:01:56 (710 turns).

Borgoz the Cutter (Kobold Gladiator)                 Turns: 710, Time: 00:01:56

Health: -4/22      AC:  4    Str: 12    XL:     3   Next: 25%
Magic:  3/3        EV: 16    Int:  9    God:
Gold:   80         SH:  0    Dex: 16    Spells: 2/2 levels left

rFire    . . .     SeeInvis .   a - +0 rapier
rCold    . . .     Gourm    .   (shield restricted)
rNeg     . . .     Faith    .   b - +0 leather armour
rPois    .         Spirit   .   c - +0 helmet
rElec    .         Reflect  .   (no cloak)
rCorr    .         Harm     .   (no gloves)
MR       .....                  (no boots)
Stlth    +.........             (no amulet)
HPRegen  0.07/turn              (no ring)
MPRegen  0.08/turn              (no ring)

@: no status effects
A: small, carnivore
a: no special abilities


You were on level 2 of the Dungeon.
You were very full.

You visited 1 branch of the dungeon, and saw 2 of its levels.

You collected 80 gold pieces.

Inventory:

Hand Weapons
 a - a +0 rapier (weapon)
Missiles
 d - 3 throwing nets (quivered)
Armour
 b - a +0 leather armour (worn)
 c - a +0 helmet (worn)
Jewellery
 i - an uncursed ring of positive energy {unknown}
Scrolls
 g - 3 scrolls of identify {unknown}
 h - a scroll of immolation {unknown}
 k - a scroll of remove curse {unknown}
 m - a scroll of blinking {unknown}
Potions
 e - a potion of magic
Comestibles
 f - 2 rations


   Skills:
 + Level 2.7 Fighting
 + Level 4.4 Short Blades
 - Level 2.1 Throwing
 + Level 0.8 Armour
 + Level 4.0 Dodging


You had 2 spell levels left.
You didn't know any spells.
Your spell library was empty.

Dungeon Overview and Level Annotations

Branches:
Dungeon (2/15)

Altars:

Annotations:
D:2 Sigmund


Innate Abilities, Weirdness & Mutations

You are small and have problems with some larger weapons.
You are carnivorous and can eat meat at any time.


Message History

Your transformation is almost over.
You hear some strange, mumbled words.
You are confused.
Something hits you but does no damage. Something hits you but does no damage.
Something hits you.
* * * LOW HITPOINT WARNING * * *
You feel less confused.
You hear some strange, mumbled words.
A puff of flame appears from out of thin air!
The puff of flame hits you.
* * * LOW HITPOINT WARNING * * *
Something hits you but does no damage. Something hits you but does no damage.
Something hits you but does no damage.
You feel less wooden.
Your +0 helmet unmelds from your body.
Your +0 leather armour unmelds from your body.
Something hits you.
You die...

### #.. .. #.. #.#
#.. #.# #.# # .. #.#
#{# #.#.##.# #.#
##.#..#.#####@####
....#.[..(.......##
.....#............##
#...............#
#...............#
##..<......))...#
#..............#
#..............#
##............##


There were no monsters in sight!

Vanquished Creatures
  A dart slug (D:1)
  A leopard gecko (D:1)
  2 giant cockroaches (D:1)
  3 goblins (D:1)
  6 hobgoblins (D:1)
  2 bats
  A frilled lizard (D:1)
  2 kobolds (D:1)
  3 rats (D:1)
21 creatures vanquished.

Notes
Turn   | Place    | Note
-------+----------+-------------------------------------------
     0 | D:1      | Borgoz the Kobold Gladiator began the quest for the Orb.
     0 | D:1      | Reached XP level 1. HP: 12/12 MP: 1/1
   100 | D:1      | Reached XP level 2. HP: 14/18 MP: 2/2
   480 | D:1      | Reached XP level 3. HP: 19/22 MP: 3/3
   649 | D:2      | Noticed Sigmund
   710 | D:2      | Slain by Sigmund

Levels and vault maps discovered:
D:1:      psy_arrival_radial02, layout_rooms, minmay_split_cup_small
D:2:      layout_rooms, dk_noncrumbling_3, uniq_robin, uniq_sigmund

Skill      XL: |  1  2  3 |
---------------+----------+-----
Dodging        | 4 |  4.0
Fighting       | |  2.7
Short Blades   | |  4.4
Throwing       | |  2.1
Armour         | |  0.8

Action                   || total
-------------------------++-------
Melee: Rapier            ||    52
  Use: Potion            ||     3
  Eat: Chunk             ||     7
Armor: Leather armour    ||    10
       Skin              ||    17
Dodge: Dodged            ||    46

Table legend:
 A = Non-vault XP
 B = Vault XP
 C = Vault XP percentage of total XP
 D = Non-vault monster count
 E = Vault monster count
 F = Vault count percentage of total count
                 A         B        C        D         E       F
            +---------+---------+-------+---------+---------+-------
      Total |      34 |       5 |  12.8 |      18 |       3 |  14.3
            +---------+---------+-------+---------+---------+-------
        D:1 |      32 |       5 |  13.5 |      17 |       3 |  15.0
        D:2 |       2 |       0 |   0.0 |       1 |       0 |   0.0
            +---------+---------+-------+---------+---------+-------
